[Event "January 2 Late 2024"]
[Site "https://www.chess.com"]
[Date "2024.01.02"]
[Round "1"]
[White "Burke, Paul"]
[Black "Kolb, Tobias"]
[Result "0-1"]
[Board "242"]
[TimeControl "180+1"]
[WhiteFideId "2605767"]
[BlackFideId "12992321"]
[WhiteElo "1922"]
[BlackElo "2520"]
[WhiteTeam "CAN"]
[BlackTeam "GER"]
[WhiteClock "0:00:00"]
[BlackClock "0:01:02"]

1. e4 c6 2. d4 d5 3. exd5 cxd5 4. c4 e6 5. Nc3 Nf6 6. Nf3 Bb4 7. Be2 dxc4 8. Bxc4 O-O 9. O-O b6 10. d5 Bxc3 11. bxc3 Nxd5 12. Bg5 Nf6 13. Qe2 Bb7 14. Rfd1 Qc8 15. Bxf6 gxf6 16. Bd3 Nd7 17. Qe3 Rd8 18. Qh6 Nf8 19. Qxf6 Bxf3 20. Qxf3 Qc5 21. Qg3+ Ng6 22. Be4 Rac8 23. Rxd8+ Rxd8 24. h4 Qh5 25. Bxg6 hxg6 26. Qg5 Qxg5 27. hxg5 Rd5 28. f4 Rf5 29. g3 e5 30. fxe5 Rxg5 31. Kf2 Rxe5 32. Rd1 Ra5 33. Rd2 Ra3 34. Rc2 Kg7 35. Kf3 Kf6 36. Kf4 Ra4+ 37. Ke3 Ke5 38. c4 Ra3+ 39. Kf2 Kd4 40. g4 Kc5 41. g5 Ra5 42. Kf3 Kd4 43. Kf4 Rf5+ 44. Kg4 Rc5 45. Rf2 Rc7 46. Rd2+ Kc5 47. Rc2 Kb4 48. Kf4 Rxc4+ 49. Rxc4+ Kxc4 50. Ke5 Kd3 51. Kf6 Ke4 52. Kxf7 Kf5 53. Ke7 Kxg5 54. Kd6 Kh4 55. Kc6 g5 56. Kb7 g4 57. Kxa7 g3 58. Kxb6 g2 59. a4 g1=Q+ 60. Kb5 Qa7 61. a5 Kg5 0-1

[Event "January 2 Late 2024"]
[Site "https://www.chess.com"]
[Date "2024.01.02"]
[Round "1"]
[White "Lewicki, Miroslaw"]
[Black "Thake, Conrad"]
[Result "1-0"]
[Board "243"]
[TimeControl "180+1"]
[WhiteFideId "1113380"]
[BlackFideId "5602947"]
[WhiteElo "2519"]
[BlackElo "1877"]
[WhiteTeam "POL"]
[BlackTeam "MLT"]
[WhiteClock "0:02:11"]
[BlackClock "0:00:20"]

1. b3 Nf6 2. Bb2 g6 3. Nf3 Bg7 4. e3 d6 5. Be2 O-O 6. O-O c5 7. d4 cxd4 8. Nxd4 Nc6 9. Nc3 Bd7 10. Bf3 Rc8 11. Qd2 a6 12. Rad1 Qb6 13. h3 Nxd4 14. exd4 Bf5 15. Rfe1 Rfe8 16. Na4 Qc7 17. c4 b5 18. cxb5 axb5 19. Nc3 b4 20. Na4 Qc2 21. Qxb4 Rb8 22. Qd2 Rec8 23. Rxe7 Bf8 24. Ra7 Ne4 25. Bxe4 Bxe4 26. d5 Bh6 27. Qd4 1-0

[Event "January 2 Late 2024"]
[Site "https://www.chess.com"]
[Date "2024.01.02"]
[Round "1"]
[White "Vargas, Mauricio"]
[Black "Estrada Nieto, Julian"]
[Result "0-1"]
[Board "244"]
[TimeControl "180+1"]
[WhiteFideId "4404572"]
[BlackFideId "5101018"]
[WhiteElo "1839"]
[BlackElo "2519"]
[WhiteTeam "COL"]
[BlackTeam "ESP"]
[WhiteClock "0:00:16"]
[BlackClock "0:00:38"]

1. e4 e5 2. Nf3 Nc6 3. Nc3 Nf6 4. Bc4 Bc5 5. O-O d6 6. Re1 O-O 7. h3 a6 8. a4 Be6 9. Nd5 Bxd5 10. exd5 Ne7 11. d4 exd4 12. Nxd4 Nexd5 13. Bg5 h6 14. Bh4 Nf4 15. Qf3 Bxd4 16. Qxf4 Bxb2 17. Rab1 Be5 18. Bxf6 Qxf6 19. Qxf6 gxf6 20. Rxb7 a5 21. g3 Rab8 22. Reb1 Rxb7 23. Rxb7 Rc8 24. f4 Bd4+ 25. Kg2 Kf8 26. Kf3 Ke7 27. Ke4 Bb6 28. Kf5 h5 29. g4 hxg4 30. hxg4 Rh8 31. g5 fxg5 32. fxg5 Rh2 33. Bb3 Rf2+ 34. Kg4 Rg2+ 35. Kf4 Kd7 36. Rb8 Rf2+ 37. Kg4 Be3 38. Re8 Kxe8 0-1

[Event "January 2 Late 2024"]
[Site "https://www.chess.com"]
[Date "2024.01.02"]
[Round "2"]
[White "Schmakel, Sam"]
[Black "Nakamura, Hikaru"]
[Result "0-1"]
[Board "1"]
[TimeControl "180+1"]
[WhiteFideId "2039311"]
[BlackFideId "2016192"]
[WhiteElo "2675"]
[BlackElo "3273"]
[WhiteTeam "USA"]
[BlackTeam "USA"]
[WhiteClock "0:00:02"]
[BlackClock "0:00:42"]

1. e4 g6 2. d4 Bg7 3. Nc3 a6 4. h4 h6 5. h5 g5 6. f4 gxf4 7. Bxf4 d6 8. Qd2 b5 9. O-O-O Bb7 10. Nf3 Nd7 11. e5 Nb6 12. e6 fxe6 13. Bd3 Nf6 14. Rhe1 Kd7 15. Bg6 Qg8 16. Qe2 Nfd5 17. Nxd5 Bxd5 18. b3 Rc8 19. Kb1 c5 20. dxc5 Rxc5 21. Be3 Qc8 22. Bd4 Bxd4 23. Rxd4 Kc7 24. Nd2 e5 25. Rd3 Rf8 26. Qe3 Kb8 27. Ne4 Bxe4 28. Bxe4 Rf6 29. Bg6 Qf8 30. Kb2 Ka7 31. Qd2 Rf2 32. Re2 Rf4 33. Rf3 Qf6 34. Kb1 Nd5 35. Rxf4 exf4 36. Re1 Nc3+ 37. Kc1 Nxa2+ 38. Kb1 Nc3+ 39. Kc1 Na4 40. Kd1 Rd5 41. Bd3 Nb2+ 42. Ke2 Nxd3 43. cxd3 Re5+ 44. Kf1 Rxe1+ 45. Kxe1 Qe5+ 46. Kf1 Kb7 47. Qd1 Qd5 48. Qe2 e6 49. b4 a5 50. bxa5 Ka6 51. Qd2 f3 52. gxf3 Qxf3+ 53. Kg1 Qg4+ 54. Kf2 Qxh5 55. Qc3 Qc5+ 0-1

[Event "January 2 Late 2024"]
[Site "https://www.chess.com"]
[Date "2024.01.02"]
[Round "2"]
[White "Nihal Sarin"]
[Black "Fantinel, Thibault"]
[Result "1-0"]
[Board "2"]
[TimeControl "180+1"]
[WhiteFideId "25092340"]
[BlackFideId "663395"]
[WhiteElo "3209"]
[BlackElo "2675"]
[WhiteTeam "IND"]
[BlackTeam "FRA"]
[WhiteClock "0:00:52"]
[BlackClock "0:00:00"]

1. e4 c5 2. Nf3 e6 3. d4 cxd4 4. Nxd4 Nc6 5. Nc3 Qc7 6. Be3 a6 7. g4 b5 8. Nxc6 Qxc6 9. Rg1 Bb7 10. Bg2 Qc7 11. Qd4 Ne7 12. O-O-O Nc6 13. Qd2 Ne5 14. Bf4 d6 15. Kb1 Be7 16. g5 Rc8 17. h4 O-O 18. Rge1 Rfd8 19. h5 Nc4 20. Qd3 Qa5 21. g6 Nxb2 22. gxf7+ Kf8 23. Kxb2 Qb4+ 24. Kc1 Rxc3 25. Qe2 d5 26. Be5 dxe4 27. Rxd8+ Bxd8 28. Qd2 Bf6 29. Bd6+ Qxd6 30. Qxd6+ Kxf7 31. Qd7+ 1-0

[Event "January 2 Late 2024"]
[Site "https://www.chess.com"]
[Date "2024.01.02"]
[Round "2"]
[White "Haydon, David L"]
[Black "Vachier-Lagrave, Maxime"]
[Result "0-1"]
[Board "3"]
[TimeControl "180+1"]
[WhiteFideId "415405"]
[BlackFideId "623539"]
[WhiteElo "2673"]
[BlackElo "3206"]
[WhiteTeam "ENG"]
[BlackTeam "FRA"]
[WhiteClock "0:01:27"]
[BlackClock "0:01:43"]

1. d4 Nf6 2. Nf3 g6 3. g3 Bg7 4. Bg2 O-O 5. O-O d5 6. c3 c6 7. Ne5 Bf5 8. Nd2 Nbd7 9. Nxd7 Qxd7 10. Nf3 Ne4 11. Bf4 Bh3 12. Nd2 Bxg2 13. Kxg2 Nxd2 14. Qxd2 Rae8 15. Bh6 Bxh6 16. Qxh6 e5 17. dxe5 Rxe5 18. Qd2 Rfe8 19. e3 Rh5 20. h4 Rxh4 21. gxh4 Qg4+ 22. Kh2 Qxh4+ 23. Kg2 Qg4+ 24. Kh2 Re5 0-1

[Event "January 2 Late 2024"]
[Site "https://www.chess.com"]
[Date "2024.01.02"]
[Round "2"]
[White "Firouzja, Alireza"]
[Black "Sevgi, Volkan"]
[Result "1-0"]
[Board "4"]
[TimeControl "180+1"]
[WhiteFideId "12573981"]
[BlackFideId "6325335"]
[WhiteElo "3161"]
[BlackElo "2670"]
[WhiteTeam "FRA"]
[BlackTeam "TUR"]
[WhiteClock "0:00:34"]
[BlackClock "0:00:14"]

1. d4 f5 2. Qd3 d5 3. g4 fxg4 4. h3 Nf6 5. hxg4 Bxg4 6. Bh3 Qd7 7. Bxg4 Qxg4 8. Qb5+ Nbd7 9. Qxb7 Rb8 10. Qxc7 Qxd4 11. Nf3 Qb6 12. Qxb6 Rxb6 13. b3 e5 14. Bb2 Bb4+ 15. Nbd2 Rc6 16. O-O-O Ke7 17. Kb1 Rhc8 18. c4 Bxd2 19. cxd5 Nxd5 20. Rxd2 N7f6 21. Nxe5 Nc3+ 22. Bxc3 Rxc3 23. Nc4 Ne4 24. Rd4 Nxf2 25. Rxh7 Rg3 26. Rh2 Ng4 27. Re4+ Kd7 28. Rxg4 1-0

[Event "January 2 Late 2024"]
[Site "https://www.chess.com"]
[Date "2024.01.02"]
[Round "2"]
[White "TheCavemanChess"]
[Black "Naroditsky, Daniel"]
[Result "0-1"]
[Board "5"]
[TimeControl "180+1"]
[BlackFideId "2026961"]
[WhiteElo "2667"]
[BlackElo "3153"]
[BlackTeam "USA"]
[WhiteClock "0:00:01"]
[BlackClock "0:00:31"]

1. e4 c5 2. Nf3 d6 3. d4 cxd4 4. Nxd4 Nf6 5. Nc3 a6 6. Bg5 e6 7. f4 Be7 8. Qf3 Qc7 9. O-O-O Nbd7 10. g4 h6 11. Bxf6 Bxf6 12. h4 Nb6 13. g5 Bxd4 14. Rxd4 Qc5 15. Rd2 Bd7 16. Be2 Bc6 17. Rhd1 O-O-O 18. g6 f5 19. Qh3 Kb8 20. exf5 exf5 21. Rd4 Nc8 22. b4 Qb6 23. Qxf5 Rhf8 24. Qd3 Qc7 25. f5 Ne7 26. Bg4 d5 27. Re1 Ng8 28. Bf3 Ne7 29. Bg4 Ng8 30. Re6 Nf6 31. Bf3 Rd7 32. Qe3 Rc8 33. Qf4 Qxf4+ 34. Rxf4 Rdc7 35. Kb2 d4 36. Ne4 Bxe4 37. Bxe4 Nxe4 38. Rfxe4 Rxc2+ 39. Kb1 d3 40. Rd6 Rc1+ 41. Kb2 R8c2+ 42. Kb3 Rb1+ 43. Ka3 Rc3+ 44. Ka4 Kc7 0-1

[Event "January 2 Late 2024"]
[Site "https://www.chess.com"]
[Date "2024.01.02"]
[Round "2"]
[White "Nepomniachtchi, Ian"]
[Black "Banzea, Alexandru-Bogdan"]
[Result "1-0"]
[Board "6"]
[TimeControl "180+1"]
[WhiteFideId "4168119"]
[BlackFideId "1232622"]
[WhiteElo "3133"]
[BlackElo "2665"]
[WhiteTeam "RUS"]
[BlackTeam "ROU"]
[WhiteClock "0:02:03"]
[BlackClock "0:00:05"]

1. e4 c6 2. d4 d5 3. Nc3 dxe4 4. Nxe4 Nf6 5. Nxf6+ exf6 6. Be3 Bd6 7. Bd3 O-O 8. Ne2 Na6 9. a3 Nc7 10. c4 Re8 11. O-O Bg4 12. Re1 Ne6 13. Qc2 Bxe2 14. Bxh7+ Kh8 15. Rxe2 Nxd4 16. Bxd4 Rxe2 17. Qxe2 Kxh7 18. Rd1 Qc7 19. Bxf6 Bxh2+ 20. Kh1 Bf4 21. Qh5+ Bh6 22. Qf5+ Kg8 23. Rd7 Qf4 24. Qxf4 Bxf4 25. Bc3 b5 26. g3 Bg5 27. c5 a6 28. Rc7 Rd8 29. Rxc6 Rd1+ 30. Kg2 Bf6 31. Bxf6 gxf6 32. Rxf6 Rd2 33. b4 a5 34. Rb6 a4 35. Rxb5 Ra2 36. c6 1-0

[Event "January 2 Late 2024"]
[Site "https://www.chess.com"]
[Date "2024.01.02"]
[Round "2"]
[White "Annaberdiyev, Meylis"]
[Black "Aronian, Levon"]
[Result "1-0"]
[Board "7"]
[TimeControl "180+1"]
[WhiteFideId "14000563"]
[BlackFideId "13300474"]
[WhiteElo "2665"]
[BlackElo "3118"]
[WhiteTeam "TKM"]
[BlackTeam "USA"]
[WhiteClock "0:00:15"]
[BlackClock "0:00:10"]

1. e4 c5 2. Nc3 a6 3. f4 b5 4. g3 Bb7 5. Bg2 e6 6. d3 d5 7. e5 Ne7 8. Nf3 d4 9. Ne4 Bxe4 10. dxe4 Nec6 11. O-O Nd7 12. f5 Be7 13. Bf4 Qb6 14. a4 O-O-O 15. axb5 axb5 16. Bh3 Nb4 17. c3 dxc3 18. bxc3 c4+ 19. Kh1 Nd3 20. fxe6 fxe6 21. Nd4 N7c5 22. Qg4 g5 23. Nxe6 h5 24. Qf5 Kb8 25. Nxd8 Rxd8 26. Be3 Qc6 27. Bg2 Na4 28. Qh7 Bc5 29. Bxc5 Qxc5 30. e6 Re8 31. e5 Qb6 32. Rf7 Nac5 33. Ra8# 1-0

[Event "January 2 Late 2024"]
[Site "https://www.chess.com"]
[Date "2024.01.02"]
[Round "2"]
[White "Paravyan, David"]
[Black "Injac, Teodora"]
[Result "1-0"]
[Board "8"]
[TimeControl "180+1"]
[WhiteFideId "4194985"]
[BlackFideId "932400"]
[WhiteElo "3108"]
[BlackElo "2664"]
[WhiteTeam "FID"]
[BlackTeam "SRB"]
[WhiteClock "0:00:13"]
[BlackClock "0:00:04"]

1. e4 e6 2. d4 d5 3. Nc3 Nf6 4. e5 Nfd7 5. f4 c5 6. Nf3 Nc6 7. Be3 Be7 8. Qd2 O-O 9. h4 a6 10. h5 b5 11. h6 g6 12. Ne2 b4 13. g4 Nb6 14. b3 a5 15. Ng3 cxd4 16. Nxd4 Nxd4 17. Bxd4 Nd7 18. Bb5 Ba6 19. Qd3 Bxb5 20. Qxb5 Qc7 21. O-O Bh4 22. Kg2 f6 23. exf6 Nxf6 24. Qe2 Rae8 25. g5 Nd7 26. Qd2 Bxg3 27. Kxg3 Rf5 28. Rae1 Rxg5+ 29. Kf3 Rf5 30. Ke2 e5 31. fxe5 Nxe5 32. Rxf5 gxf5 33. Kd1 Re7 34. Rxe5 Rxe5 35. Qg5+ Kf7 36. Qg7+ Ke6 37. Qxc7 1-0

[Event "January 2 Late 2024"]
[Site "https://www.chess.com"]
[Date "2024.01.02"]
[Round "2"]
[White "Araujo Sanchez, Josue"]
[Black "Mamedyarov, Shakhriyar"]
[Result "1-0"]
[Board "9"]
[TimeControl "180+1"]
[WhiteFideId "6416896"]
[BlackFideId "13401319"]
[WhiteElo "2663"]
[BlackElo "3093"]
[WhiteTeam "DOM"]
[BlackTeam "AZE"]
[WhiteClock "0:00:59"]
[BlackClock "0:00:30"]

1. d4 Nf6 2. Nf3 g6 3. g3 Bg7 4. Bg2 O-O 5. O-O d6 6. c3 Nbd7 7. Bg5 h6 8. Bxf6 Bxf6 9. Nbd2 Bg7 10. e4 e5 11. Re1 a5 12. Rc1 a4 13. a3 Qe7 14. Nf1 c6 15. Ne3 b5 16. c4 bxc4 17. Nxc4 exd4 18. Nxd4 Ra6 19. Ne2 Rd8 20. Nxd6 Bxb2 21. Nxc8 Rxc8 22. Rb1 Bxa3 23. Rb7 Rd8 24. Bh3 Ne5 25. Rxe7 Rxd1 26. Re8+ Kg7 27. Rxd1 Bb2 28. Nc1 a3 29. Na2 Ra4 30. Bg2 Rc4 31. Ra8 Rc2 32. h3 c5 33. Bf1 h5 34. Ra7 h4 35. gxh4 Kh6 36. Kg2 c4 37. Nb4 Rc3 38. Nd5 Rc2 39. Ne3 Rc3 40. Ng4+ Kg7 41. Nxe5 1-0

[Event "January 2 Late 2024"]
[Site "https://www.chess.com"]
[Date "2024.01.02"]
[Round "2"]
[White "Duda, Jan-Krzysztof"]
[Black "Agibileg, Uurtsaikh"]
[Result "1-0"]
[Board "10"]
[TimeControl "180+1"]
[WhiteFideId "1170546"]
[BlackFideId "4901606"]
[WhiteElo "3061"]
[BlackElo "2658"]
[WhiteTeam "POL"]
[BlackTeam "MGL"]
[WhiteClock "0:01:13"]
[BlackClock "0:00:00"]

1. d4 Nf6 2. Bf4 g6 3. Nf3 Bg7 4. e3 O-O 5. h3 d6 6. Be2 Nbd7 7. O-O b6 8. c4 Bb7 9. Bh2 Ne4 10. Nfd2 Nxd2 11. Qxd2 e5 12. Nc3 Qe7 13. Rfe1 Qg5 14. d5 f5 15. Rac1 a5 16. b3 Nc5 17. Kh1 Rf7 18. Rb1 Raf8 19. f3 Qh4 20. a3 g5 21. b4 axb4 22. axb4 Nd7 23. e4 f4 24. Nb5 Nf6 25. c5 g4 26. hxg4 Ne8 27. Rec1 h5 28. g5 Qxg5 29. Na7 Kh8 30. c6 Ba8 31. Ra1 Nf6 32. Nb5 h4 33. Ra7 Bh6 34. Rxc7 Rg8 35. Bf1 Rxc7 36. Nxc7 h3 37. Ra1 Nh5 38. Rxa8 Rxa8 39. Nxa8 hxg2+ 40. Bxg2 Qh4 41. c7 Ng3+ 42. Kg1 Qh3 43. Bxh3 1-0

[Event "January 2 Late 2024"]
[Site "https://www.chess.com"]
[Date "2024.01.02"]
[Round "2"]
[White "Aghasiyev, Kamal"]
[Black "Oparin, Grigoriy"]
[Result "0-1"]
[Board "11"]
[TimeControl "180+1"]
[WhiteFideId "13402854"]
[BlackFideId "24125890"]
[WhiteElo "2656"]
[BlackElo "3051"]
[WhiteTeam "AZE"]
[BlackTeam "USA"]
[WhiteClock "0:00:00"]
[BlackClock "0:00:14"]

1. d4 f5 2. g3 Nf6 3. Bg2 g6 4. c4 Bg7 5. Nc3 d6 6. Nh3 Nc6 7. O-O O-O 8. d5 Ne5 9. b3 h6 10. Nf4 g5 11. Ne6 Bxe6 12. dxe6 Qc8 13. Bb2 c6 14. f4 gxf4 15. gxf4 Neg4 16. e4 Ne3 17. Qe2 Nxf1 18. exf5 Nxh2 19. Kxh2 Kh7 20. Bf3 Rg8 21. Bh5 Nxh5 22. Qxh5 Qe8 23. Qh3 Bf6 24. Rh1 Qf8 25. Ba1 d5 26. cxd5 cxd5 27. Nxd5 Rc8 28. Qh5 Rc2+ 29. Kh3 Bxa1 30. Rxa1 Rd2 31. f6 Rd3+ 32. Kh2 Rxd5 33. Qxd5 Qxf6 34. Qe4+ Kh8 35. Qe5 Qxe5 36. fxe5 Rg6 37. Rd1 Rxe6 38. Rd7 a5 39. Rxb7 Rxe5 40. Kg3 Kg7 41. Kf4 Kf6 42. Rb6+ e6 43. Rb8 Rf5+ 44. Ke4 h5 45. Rf8+ Kg6 46. Rg8+ Kf7 47. Rh8 Ke7 48. Rh7+ Kd6 49. Rh8 Rg5 50. Kf4 Rc5 51. a3 Rb5 52. Rd8+ Ke7 53. Rd3 Kf6 54. Ke4 h4 55. Rf3+ Kg5 56. Rc3 Kg4 57. a4 Rb4+ 58. Ke5 h3 59. Kxe6 h2 60. Rc1 Rxb3 61. Ra1 Rh3 62. Rh1 Kg3 0-1

[Event "January 2 Late 2024"]
[Site "https://www.chess.com"]
[Date "2024.01.02"]
[Round "2"]
[White "Martinez Alcantara, Jose Eduardo"]
[Black "Niedbala, Bartlomiej"]
[Result "1-0"]
[Board "12"]
[TimeControl "180+1"]
[WhiteFideId "3805662"]
[BlackFideId "21834008"]
[WhiteElo "3050"]
[BlackElo "2655"]
[WhiteTeam "PER"]
[BlackTeam "POL"]
[WhiteClock "0:00:44"]
[BlackClock "0:00:16"]

1. e4 Nf6 2. e5 Nd5 3. Nc3 Nxc3 4. dxc3 d6 5. Nf3 Nc6 6. Bc4 dxe5 7. Qe2 f6 8. Be3 e6 9. Nd2 Bd6 10. O-O-O Qe7 11. g4 Bc5 12. Ne4 Bxe3+ 13. Qxe3 Bd7 14. Nc5 O-O-O 15. Rxd7 Rxd7 16. Bxe6 Nb8 17. Rd1 Rd8 18. b4 b6 19. Bxd7+ Nxd7 20. Rxd7 Rxd7 21. Qe4 Rd5 22. Qxd5 bxc5 23. bxc5 e4 24. c6 e3 25. Qg8+ Qd8 26. Qe6+ Kb8 27. Qb3+ 1-0

[Event "January 2 Late 2024"]
[Site "https://www.chess.com"]
[Date "2024.01.02"]
[Round "2"]
[White "Spata, German"]
[Black "Pranav, V"]
[Result "0-1"]
[Board "13"]
[TimeControl "180+1"]
[WhiteFideId "113026"]
[BlackFideId "25060783"]
[WhiteElo "2654"]
[BlackElo "3037"]
[WhiteTeam "ARG"]
[BlackTeam "IND"]
[WhiteClock "0:00:00"]
[BlackClock "0:00:16"]

1. d4 Nf6 2. Bf4 c5 3. c3 b6 4. e3 Bb7 5. Nf3 e6 6. h3 Be7 7. Nbd2 O-O 8. Bd3 d6 9. Bh2 Nbd7 10. O-O Re8 11. Qe2 Bf8 12. Ba6 Qc8 13. Bxb7 Qxb7 14. Rac1 Rac8 15. Rfd1 b5 16. dxc5 Nxc5 17. Nb3 Qb6 18. Nxc5 Rxc5 19. e4 e5 20. Nd2 a5 21. Nf1 Rc4 22. Nd2 Rc5 23. Bg3 h6 24. Bh4 g5 25. Bg3 Qc6 26. f3 Qb7 27. Nb3 Rcc8 28. Bf2 a4 29. Nd2 Rc6 30. a3 Nh5 31. Nf1 Nf4 32. Qe1 Ng6 33. Ne3 Ne7 34. Nd5 Nxd5 35. Rxd5 Rc4 36. h4 Re6 37. hxg5 hxg5 38. Be3 Rg6 39. Qd2 g4 40. Kf2 Qd7 41. Rh1 Bg7 42. Bh6 gxf3 43. gxf3 Bxh6 44. Rxh6 Qa7+ 45. Kf1 Qg1+ 46. Ke2 Rg2+ 0-1

[Event "January 2 Late 2024"]
[Site "https://www.chess.com"]
[Date "2024.01.02"]
[Round "2"]
[White "Makarian, Rudik"]
[Black "Jakubowski, Krzysztof"]
[Result "1/2-1/2"]
[Board "14"]
[TimeControl "180+1"]
[WhiteFideId "44105681"]
[BlackFideId "1112848"]
[WhiteElo "3032"]
[BlackElo "2653"]
[WhiteTeam "FID"]
[BlackTeam "POL"]
[WhiteClock "0:01:13"]
[BlackClock "0:01:12"]

1. d4 Nf6 2. c4 e6 3. Nf3 b6 4. g3 Ba6 5. b3 Be7 6. Bg2 c6 7. O-O d5 8. Qc2 O-O 9. Bb2 Nbd7 10. Rd1 Rc8 11. Nc3 Qc7 12. e4 Qb8 13. e5 Ne8 14. cxd5 cxd5 15. Bf1 Bxf1 16. Kxf1 Nc7 17. Qd3 b5 18. Kg2 a6 19. h4 Rfd8 20. Rdc1 Nf8 21. Ne2 Ne8 22. Bc3 h5 23. Bd2 g6 24. Bg5 Qb7 25. Bxe7 Qxe7 26. Nf4 Ng7 27. a4 bxa4 28. bxa4 a5 29. Qb5 Qa7 30. Rxc8 Rxc8 31. Rb1 Nf5 32. Qb7 Qxb7 33. Rxb7 Nh7 34. Nh3 Rc4 35. Nfg5 Nxg5 36. Nxg5 Nh6 37. Rb8+ Kg7 38. Rb7 Kg8 39. Nf3 Rxa4 40. Ra7 Ra2 41. Ng5 a4 42. Ra8+ Kg7 43. Ra7 Kg8 44. Ra8+ Kg7 45. Ra7 Kg8 1/2-1/2

[Event "January 2 Late 2024"]
[Site "https://www.chess.com"]
[Date "2024.01.02"]
[Round "2"]
[White "Feuerstack, Aljoscha"]
[Black "Radjabov, Teimour"]
[Result "0-1"]
[Board "15"]
[TimeControl "180+1"]
[WhiteFideId "4681932"]
[BlackFideId "13400924"]
[WhiteElo "2649"]
[BlackElo "3032"]
[WhiteTeam "GER"]
[BlackTeam "AZE"]
[WhiteClock "0:00:00"]
[BlackClock "0:00:28"]

1. e4 e5 2. Bc4 Nc6 3. Nc3 Nf6 4. d3 Na5 5. Qf3 d6 6. Nge2 Be7 7. O-O O-O 8. h3 Nxc4 9. dxc4 Be6 10. b3 Nd7 11. Ng3 Bg5 12. Bb2 g6 13. Rfd1 Qf6 14. Qxf6 Nxf6 15. c5 Rfd8 16. Nb5 Ne8 17. cxd6 cxd6 18. c4 a6 19. Nc3 f5 20. Rd3 Rac8 21. Rad1 f4 22. Nf1 Be7 23. a4 g5 24. Nh2 h5 25. Nd5 Bxd5 26. Rxd5 Nf6 27. f3 Nxd5 28. Rxd5 Rc5 29. Rd2 b5 30. Ba3 Rc7 31. Bb4 Rb8 32. cxb5 axb5 33. a5 Ra7 34. Nf1 Kf7 35. Rd5 Bd8 36. Bxd6 Rc8 37. b4 Rd7 38. Nd2 Rc2 39. Nb3 Be7 40. Bxe7 Rxd5 41. exd5 Kxe7 42. a6 Rc8 43. Na5 Kd6 0-1

[Event "January 2 Late 2024"]
[Site "https://www.chess.com"]
[Date "2024.01.02"]
[Round "2"]
[White "Fedoseev, Vladimir"]
[Black "Olsen, Filip Boe"]
[Result "1-0"]
[Board "16"]
[TimeControl "180+1"]
[WhiteFideId "24130737"]
[BlackFideId "1440640"]
[WhiteElo "3031"]
[BlackElo "2648"]
[WhiteTeam "SLO"]
[BlackTeam "DEN"]
[WhiteClock "0:00:15"]
[BlackClock "0:00:05"]

1. Nf3 Nf6 2. b3 d5 3. Bb2 Bf5 4. Nh4 Bc8 5. e3 Bg4 6. f3 Bd7 7. f4 g6 8. c4 Bg7 9. cxd5 O-O 10. Bc4 b5 11. Be2 Nxd5 12. Bxg7 Kxg7 13. Qc1 e5 14. Nf3 exf4 15. e4 Nf6 16. d3 Bg4 17. Na3 a6 18. Qxf4 Bxf3 19. gxf3 Nc6 20. Rc1 Nb4 21. Qd2 Qd6 22. e5 Qxe5 23. Qxb4 Rfe8 24. Qd2 Nd5 25. Rc5 Qd4 26. Rxd5 Qxd5 27. Nc2 Re6 28. Kf2 Rae8 29. Bf1 Qh5 30. h4 Rf6 31. Bg2 Rfe6 32. Bf1 c5 33. Qg5 Re5 34. Qxh5 Rxh5 35. f4 Rd5 36. Be2 c4 37. bxc4 bxc4 38. dxc4 Rd2 39. Ne3 Rxa2 40. Rc1 a5 41. c5 Ra3 42. Nd5 Rh3 43. Bf3 Rh2+ 44. Kg3 Rd2 45. c6 a4 46. c7 Rc8 47. Nb6 Rxc7 48. Rxc7 a3 49. Ra7 a2 50. Nd5 Rb2 51. Nc3 Rb3 52. Nxa2 Rb6 53. Nc3 Rf6 54. Ne4 Re6 55. Ng5 Rf6 56. Bd5 h6 57. Nxf7 Rf5 58. Ne5+ Kf6 59. Rf7# 1-0

[Event "January 2 Late 2024"]
[Site "https://www.chess.com"]
[Date "2024.01.02"]
[Round "2"]
[White "Atanasov, Anthony"]
[Black "Caruana, Fabiano"]
[Result "0-1"]
[Board "17"]
[TimeControl "180+1"]
[WhiteFideId "2623897"]
[BlackFideId "2020009"]
[WhiteElo "2646"]
[BlackElo "3029"]
[WhiteTeam "CAN"]
[BlackTeam "USA"]
[WhiteClock "0:00:00"]
[BlackClock "0:00:04"]

1. d4 e6 2. Bf4 b6 3. e3 Bb7 4. Nf3 Nf6 5. h3 Be7 6. Bd3 O-O 7. Nbd2 d6 8. O-O Nbd7 9. a4 a6 10. Bh2 Re8 11. Qe2 Bf8 12. Nc4 Ne4 13. Nfd2 Ndf6 14. Nxe4 Nxe4 15. c3 Qg5 16. f3 Ng3 17. Bxg3 Qxg3 18. e4 e5 19. Qf2 Qxf2+ 20. Rxf2 exd4 21. cxd4 d5 22. exd5 Bxd5 23. Rc2 Rad8 24. Ne5 f6 25. Nc6 Rd6 26. Rac1 a5 27. Kf2 Bb3 28. Bc4+ Bxc4 29. Rxc4 Ra8 30. Re1 Kf7 31. g4 Rd5 32. f4 Bd6 33. Kf3 b5 34. axb5 Rxb5 35. Re2 a4 36. Rc3 h5 37. f5 hxg4+ 38. Kxg4 Rg8 39. h4 g6 40. fxg6+ Rxg6+ 41. Kh3 Rg1 42. Nd8+ Kg6 43. Ne6 Rh1+ 44. Kg4 f5+ 45. Kf3 Rxh4 46. Nxc7 Bxc7 47. Rg2+ Kh5 48. Rxc7 Rb3+ 49. Kf2 Rxb2+ 50. Kg1 Rxg2+ 51. Kxg2 Rxd4 52. Ra7 Kg4 53. Kf2 Rb4 54. Ke3 f4+ 55. Kf2 Rb2+ 56. Kf1 Ra2 57. Rb7 Kf3 58. Rb1 a3 59. Rb3+ Kg4 60. Rc3 f3 61. Rc8 Ra1+ 62. Kf2 a2 63. Rg8+ Kf5 64. Rf8+ Ke6 65. Re8+ Kd7 66. Ra8 Rh1 67. Kg3 a1=Q 0-1

[Event "January 2 Late 2024"]
[Site "https://www.chess.com"]
[Date "2024.01.02"]
[Round "2"]
[White "Keymer, Vincent"]
[Black "Ozates, Tuna"]
[Result "1-0"]
[Board "18"]
[TimeControl "180+1"]
[WhiteFideId "12940690"]
[BlackFideId "6354521"]
[WhiteElo "3029"]
[BlackElo "2645"]
[WhiteTeam "GER"]
[BlackTeam "TUR"]
[WhiteClock "0:01:07"]
[BlackClock "0:01:03"]

1. a3 g6 2. d4 Bg7 3. Nf3 Nf6 4. b4 d6 5. Bb2 O-O 6. e3 a5 7. b5 Nbd7 8. Be2 e5 9. O-O exd4 10. exd4 Nb6 11. a4 Re8 12. Nbd2 Bf5 13. Re1 Ne4 14. Nf1 h5 15. Bd3 d5 16. Ne5 Nd6 17. Ne3 Be6 18. Qf3 Ndc4 19. N3xc4 dxc4 20. Be4 Nd5 21. Nxc4 Nb4 22. Ne5 Bxe5 23. dxe5 Qe7 24. c3 Bg4 25. Qg3 Rad8 26. cxb4 Qxb4 27. Qc3 1-0

[Event "January 2 Late 2024"]
[Site "https://www.chess.com"]
[Date "2024.01.02"]
[Round "2"]
[White "Bluebaum, Matthias"]
[Black "Keleberda, Tymur"]
[Result "1-0"]
[Board "19"]
[TimeControl "180+1"]
[WhiteFideId "24651516"]
[BlackFideId "14174294"]
[WhiteElo "3022"]
[BlackElo "2643"]
[WhiteTeam "GER"]
[BlackTeam "CAN"]
[WhiteClock "0:02:11"]
[BlackClock "0:00:51"]

1. d4 Nf6 2. c4 e6 3. Nc3 d5 4. cxd5 exd5 5. Bg5 Be7 6. e3 h6 7. Bh4 O-O 8. Bd3 c6 9. Bg3 Bd6 10. Nge2 Re8 11. Bxd6 Qxd6 12. Qd2 a5 13. f3 b6 14. e4 dxe4 15. fxe4 Qe7 16. O-O Ba6 17. e5 Nd5 18. Nxd5 cxd5 19. Nf4 Bxd3 20. Qxd3 Qd7 21. Qg3 Kh8 22. Nh5 Rg8 23. Qe3 Qg4 24. Nf6 Qg6 25. Nxg8 Kxg8 26. Rac1 Nd7 27. Rc7 Qe6 28. Qh3 Qxh3 29. gxh3 Rd8 30. Rfc1 Nf8 31. Rc8 Rd7 32. R1c7 Rxc7 33. Rxc7 Ne6 34. Rd7 Nxd4 35. Rxd5 Nc6 36. Rd6 Nxe5 37. Rxb6 Nc4 38. Rb8+ Kh7 39. b3 Ne5 40. Rb5 Nf3+ 41. Kg2 Ne1+ 42. Kg3 g5 43. Rxa5 Kg6 44. b4 f5 45. b5 f4+ 46. Kf2 Nd3+ 47. Ke2 Ne5 48. b6 Nc4 49. b7 Nxa5 50. b8=Q Nc4 51. Qg8+ Kh5 52. Qxc4 Kh4 53. Qe6 h5 54. Kf3 g4+ 55. hxg4 Kg5 56. Qf5+ Kh6 57. g5+ Kg7 58. h4 Kg8 59. a4 Kg7 60. a5 Kg8 61. a6 Kh8 62. a7 Kg7 63. Kxf4 Kh8 64. Ke3 Kg7 65. Kd2 Kh8 66. Kc3 Kg7 67. Kb2 Kg8 68. Kb3 Kg7 69. Ka2 Kh8 70. Ka1 Kg7 71. Qf6+ Kh7 72. Qf7+ Kh8 73. Qxh5+ Kg7 74. Qh6+ Kf7 75. Qh7+ Ke6 76. Qe4+ Kf7 77. h5 Kg7 78. Qe7+ Kh8 79. h6 Kg8 80. g6 Kh8 81. a8=B Kg8 82. g7 Kh7 83. Be4+ Kg8 84. Qf8# 1-0